 Dungeon Crawl Stone Soup version 0.29-a0-1033-gb6c65ffae6 (webtiles) character file.

Game seed: 9954779041605687625

72 nicolae the Changer (level 4, -5/32 HPs)
             Began as a Merfolk Transmuter on Aug 14, 2022.
             Slain by a gnoll
             ... wielding a +0 halberd
              (7 damage)
             ... on level 2 of the Dungeon.
             The game lasted 00:02:59 (2474 turns).

nicolae the Changer (Merfolk Transmuter)            Turns: 2474, Time: 00:02:59

Health: -5/32      AC:  2    Str: 10    XL:     4   Next: 26%
Magic:  5/7        EV: 12    Int: 14    God:
Gold:   78         SH:  0    Dex: 14    Spells: 1/7 levels left

rFire   . . .      SeeInvis .     - Unarmed
rCold   . . .      Faith    .   (no shield)
rNeg    . . .      Spirit   .   a - +0 robe
rPois   .          Reflect  .   (helmet currently unavailable)
rElec   .          Harm     .   (no cloak)
rCorr   .          Rampage  .   (no gloves)
Will    .....                   (boots currently unavailable)
Stlth   +.........              (no amulet)
HPRegen 0.10/turn               (no ring)
MPRegen 0.10/turn               (no ring)

@: appendages, wereblooded
A: horns 2, (nimble swimmer 2), mertail
a: End Transformation


You were on level 2 of the Dungeon.
You had temporarily grown beastly horns.
You visited 1 branch of the dungeon, and saw 2 of its levels.

You collected 78 gold pieces.

Inventory:

Missiles
 e - 2 poisoned darts
Armour
 a - a +0 robe (worn)
Scrolls
 c - a scroll of identify
 d - a scroll of poison {unknown}


   Skills:
 - Level 1.1 Fighting
 - Level 2.6 Dodging
 - Level 3.2 Unarmed Combat
 - Level 2.0 Spellcasting
 - Level 5.0 Transmutations
 + Level 2.2 Poison Magic


You had one spell level left.
You knew the following spells:

 Your Spells              Type           Power      Damage    Failure   Level
a - Beastly Appendage     Tmut           30%        N/A       3%          1
b - Wereblood             Tmut           15%        N/A       4%          2
c - Spider Form           Tmut/Pois      11%        N/A       16%         3

Your spell library contained the following spells:

 Spells                   Type           Power      Damage    Failure   Level
 Ice Form                 Ice/Tmut       8%         N/A       63%         4


Dungeon Overview and Level Annotations

Branches:
Dungeon (2/15)

Altars:

Shops:
D:2 :


Innate Abilities, Weirdness & Mutations

You have temporarily grown beastly horns.
((You are very nimble when in or above water. (Stealth+, EV+, Speed+++)))
Your lower body shifts to a powerful aquatic tail in water.


Message History

A gnoll comes into view. It is wielding a +0 halberd.
Casting: Beastly Appendage (safe; 3% risk of failure)
Confirm with . or Enter, or press ? or * to list all spells.
Your blood is infused with primal strength.
The gnoll shouts!
A gnoll comes into view. It is wielding a +0 flail.
Unknown command.
The gnoll closely misses you.
The gnoll shouts!
You hit the gnoll but do no damage. You headbutt the gnoll.
The gnoll is heavily wounded.
The gnoll misses you.
You barely miss the gnoll. You headbutt the gnoll.
You punch the gnoll, but do no damage.
The gnoll is severely wounded.
The gnoll misses you.
The gnoll hits you from afar with a +0 halberd!
You barely miss the gnoll.
The gnoll is severely wounded.
The gnoll hits you with a +0 flail! The gnoll closely misses you. x2
You are too injured to fight recklessly!
You are too injured to fight recklessly!
You are too injured to fight recklessly!
You are too injured to fight recklessly!
You are too injured to fight recklessly!
You hit the gnoll. You headbutt the gnoll.
You feel a bit better.
You kill the gnoll!
The gnoll closely misses you. The gnoll misses you.
The gnoll hits you with a +0 halberd!
Ouch! That really hurt!
* * * LOW HITPOINT WARNING * * *
The gnoll barely misses you.
Things that are here:
a +0 flail; a gnoll corpse You hit the gnoll.
The gnoll is moderately wounded.
You hit the gnoll but do no damage. You headbutt the gnoll!
The gnoll is severely wounded.
The gnoll hits you with a +0 halberd!
You die...

#. ##..##...# #.##.#### #.
#....##.## #.......#
##.##....##.#########.<...
#..#......#.....# ######
#..#..##..#.###.######
#....###....###......#
#>#.## #..##.....###.#
#....# ##.##.##..###.#
#.##.# #@##.##.).##<#
#.##.####gg......>##.#
#........g##.##.#.##.#
#.#......... ##......#
##.#...###.## ###.####
#####.#.#### #.# ####.####
#....###.# ... #......∩#
#.##..#.## ... #.##.##.#
#.##.#<.## #.##.##.#


You could see 3 gnolls.

Vanquished Creatures
  A gnoll (D:2)
  3 adders (D:2)
  A dart slug (D:1)
  A ball python (D:2)
  5 endoplasms
  2 giant cockroaches
  A goblin (D:1)
  2 hobgoblins
  3 jackals (D:1)
  2 quokkas (D:1)
  2 bats
  2 frilled lizards
  4 kobolds (D:1)
  5 rats (D:1)
34 creatures vanquished.

Notes
Turn   | Place    | Note
-------+----------+-------------------------------------------
     0 | D:1      | nicolae the Merfolk Transmuter began the quest for the Orb.
     0 | D:1      | Reached XP level 1. HP: 15/15 MP: 3/3
   281 | D:1      | Reached skill level 3 in Transmutations
   631 | D:1      | Reached XP level 2. HP: 18/21 MP: 3/5
   634 | D:1      | Learned a level 2 spell: Wereblood
   753 | D:1      | Reached skill level 4 in Transmutations
   971 | D:1      | Reached XP level 3. HP: 26/26 MP: 4/6
  1082 | D:1      | Learned a level 3 spell: Spider Form
  1425 | D:2      | Reached skill level 5 in Transmutations
  1494 | D:2      | Reached skill level 1 in Poison Magic
  1817 | D:2      | Reached XP level 4. HP: 5/32 MP: 7/7
  2307 | D:2      | Found Gucorug Suro's Book Shoppe.
  2474 | D:2      | Slain by a gnoll

Illustrated notes

Levels and vault maps discovered:
D:1:      co_arrival_hexagon_in_a_hexagon, layout_basic,
          minmay_misc_feat_four_crosses
D:2:      layout_loops_cross, serial_shops, shop,
          dreamdust_ecumenical_altar_hidden_monk_grotto, minmay_misc_feat_x

Skill      XL: |  1  2  3  4 |
---------------+-------------+-----
Transmutations | 3 4 5 |  5.0
Poison Magic   | 1 2 |  2.2
Fighting       | |  1.1
Dodging        | |  2.6
Unarmed Combat | |  3.2
Spellcasting   | |  2.0

Action                   |  1- 3 |  4- 6 || total
-------------------------+-------+-------++-------
Melee: Unarmed           |    91 |    15 ||   106
       Headbutt          |    14 |     7 ||    21
       Punch             |     3 |     1 ||     4
 Cast: Beastly Appendage |    22 |     5 ||    27
       Wereblood         |     1 |     1 ||     2
  Use: Scroll            |     2 |       ||     2
       Potion            |       |     3 ||     3
 Stab: Sleeping          |     2 |       ||     2
Armor: Robe              |    13 |       ||    13
       Skin              |       |     8 ||     8
Dodge: Dodged            |    64 |    12 ||    76

Table legend: (Time is in decaauts)
 A = Elapsed time spent in this place.
 B = Non-inter-level travel time spent in this place.
 C = Inter-level travel time spent in this place.
 D = Time resting spent in this place.
 E = Time spent auto-exploring this place.
 F = Levels seen in this place.
 G = Mean time per level.
                   A        B        C        D        E       F      G
               +--------+--------+--------+--------+--------+-----+--------+
         Total |   2467 |   2441 |     26 |    638 |   1536 |   2 | 1233.5 |
       Dungeon |   2467 |   2441 |     26 |    638 |   1536 |   2 | 1233.5 |
               +--------+--------+--------+--------+--------+-----+--------+

Top non-repeatable levels by time:
     D:1: 1409 daAuts
     D:2: 1057 daAuts
